 Dungeon Crawl Stone Soup version 0.29.1-15-g9cfb28693d (webtiles) character file.

Game seed: 9283954480088946448

22 protoss039 the Covered (level 2, -3/19 HPs)
             Began as a Gargoyle Fighter on Feb 28, 2023.
             Slain by a gnoll
             ... wielding a +0 whip
              (4 damage)
             ... on level 2 of the Dungeon.
             The game lasted 00:00:42 (1410 turns).

protoss039 the Covered (Gargoyle Fighter)           Turns: 1410, Time: 00:00:43

Health: -3/19      AC:  9    Str: 25    XL:     2   Next: 91%
Magic:  2/2        EV:  5    Int:  8    God:
Gold:   24         SH:  0    Dex:  9    Spells: 1/1 levels left

rFire   . . .      SeeInvis .   a - +0 war axe
rCold   . . .      Faith    .   c - +0 buckler
rNeg    + . .      Spirit   .   b - +0 scale mail
rPois   ∞          Reflect  .   (no helmet)
rElec   +          Harm     .   (no cloak)
rCorr   .          Rampage  .   (no gloves)
Will    .....                   (no boots)
Stlth   ..........              (no amulet)
HPRegen 0.06/turn               g - +6 ring of strength
MPRegen 0.08/turn               (no ring)

@: held
A: sickness immunity, AC +2, negative energy resistance 1, electricity
resistance, torment resistance 1, petrification resistance
a: no special abilities


You were on level 2 of the Dungeon.
You visited 1 branch of the dungeon, and saw 2 of its levels.

You collected 24 gold pieces.

Inventory:

Hand Weapons
 a - a +0 war axe (weapon)
Armour
 b - a +0 scale mail (worn)
 c - a +0 buckler (worn)
Jewellery
 g - a +6 ring of strength (left hand)
Scrolls
 f - 2 scrolls of identify {unknown}
 h - a scroll of acquirement {unknown}
 i - a scroll of noise {unknown}
Potions
 d - a potion of might
 e - a potion of haste {unknown}
 j - 2 potions of curing {unknown}
 k - a potion of ambrosia {unknown}


   Skills:
 + Level 3.6 Fighting
 + Level 2.1 Axes
 + Level 3.6 Armour
 + Level 3.6 Shields


You had one spell level left.
You didn't know any spells.
Your spell library was empty.

Dungeon Overview and Level Annotations

Branches:
Dungeon (2/15) Zot: 10570

Altars:


Innate Abilities, Weirdness & Mutations

You are immune to sickness and miasma.
Your stone body is resilient. (AC +2)
You are immune to poison.
You resist negative energy. (rN+)
You are resistant to electric shocks. (rElec)
You are resistant to unholy torment.
You are immune to petrification.


Message History

The goblin hits you but does no damage.
Unknown command.
You closely miss the goblin. The goblin barely misses you.
Unknown command.
You slash the goblin!
You kill the goblin!
Unknown command.
No target in view!
Unknown command.
No target in view!
A gnoll comes into view. It is wielding a +0 whip.
Things that are here:
a +0 dagger; a goblin corpse A gnoll is nearby!
A gnoll comes into view. It is wielding a +0 spear.
The gnoll shouts!
You see here a scroll labelled IVUOP KAR LOCK.
There are monsters nearby!
A gnoll comes into view. It is wielding a +0 club.
The gnoll shouts!
There are monsters nearby!
The gnoll hits you with a +0 whip.
There are monsters nearby!
You hit the gnoll.
The gnoll is moderately wounded.
The gnoll hits you from afar with a +0 spear!
Unknown command.
The gnoll throws a throwing net.
The throwing net hits you.
You become entangled in the net!
The gnoll hits you but does no damage.
You see here a throwing net.
You struggle against the net.
A quokka comes into view.
The gnoll completely misses you.
Unknown command.
Unknown command.
You tear a large gash into the net.
The gnoll hits you from afar with a +0 spear.
* * * LOW HITPOINT WARNING * * *
The gnoll hits you with a +0 whip.
You die...

#<..††# .#
#..##.###.#
#.........#
#.###.##..####.#
#.....<.......#
#####..#.#####.#
##...# ##.#
##$########...#..
#....)?@g....r..
########gg......
#........
#.#...#.. #.#####
. #.# #.# #.#


You could see 3 gnolls and a quokka.

Vanquished Creatures
  4 endoplasms (D:1)
  A giant cockroach (D:1)
  3 goblins
  3 jackals (D:2)
  2 kobolds (D:1)
  2 quokkas (D:1)
  A ball python (D:1)
  A bat (D:2)
  2 frilled lizards (D:1)
19 creatures vanquished.

Notes
Turn   | Place    | Note
-------+----------+-------------------------------------------
     0 | D:1      | protoss039 the Gargoyle Fighter began the quest for the
                  | Orb.
     0 | D:1      | Reached XP level 1. HP: 14/14 MP: 1/1
   331 | D:1      | Reached XP level 2. HP: 18/19 MP: 2/2
   845 | D:1      | Found a faded altar of an unknown god.
  1410 | D:2      | Slain by a gnoll

Illustrated notes

Levels and vault maps discovered:
D:1:      beargit_arrival_diablo_church, layout_basic,
          ebering_ecumenical_altar_mist
D:2:      layout_loops_ring

Skill      XL: |  1  2 |
---------------+-------+-----
Axes           | 2 |  2.1
Fighting       | |  3.6
Armour         | |  3.6
Shields        | |  3.6

Action                   || total
-------------------------++-------
Melee: War axe           ||    40
Armor: Scale mail        ||    22
Dodge: Dodged            ||    16
Block: Buckler           ||    11
